 Dungeon Crawl Stone Soup version 0.32-a0-960-g3814254bd7 (webtiles) character file.

Game seed: 8246705227845813960

4 Rudyous the Gusty (level 1, -1/13 HPs)
             Began as a Demonspawn Air Elementalist on Apr 17, 2024.
             Killed themself with a bounced zap (4 damage)
             ... on level 1 of the Dungeon.
             The game lasted 00:00:30 (176 turns).

Rudyous the Gusty (Demonspawn Air Elementalist)      Turns: 176, Time: 00:00:30

Health: -1/13      AC:  2    Str:  8    XL:     1   Next: 58%
Magic:  2/3        EV: 11    Int: 15    God:
Gold:   12         SH:  0    Dex: 13    Spells: 3/4 levels left

rFire   . . .        (no weapon)
rCold   . . .        (no shield)
rNeg    . . .        a - +0 robe
rPois   .            (no helmet)
rElec   .            (no cloak)
rCorr   .            (no gloves)
SInv    .            (no boots)
Will    .....        (no amulet)
Stlth   ++           (no ring)
HPRegen 0.22/turn    (no ring)
MPRegen 0.08/turn

%: no passive effects
@: no status effects
A: no striking features
a: no special abilities


You were on level 1 of the Dungeon.
You visited 1 branch of the dungeon, and saw 1 of its levels.

You collected 12 gold pieces.

Inventory:

Armour
 a - a +0 robe (worn)


   Skills:
 + Level 0.2 Fighting
 - Level 1.7 Dodging
 + Level 1.9 Stealth
 + Level 2.0 Spellcasting
 + Level 1.1 Conjurations
 + Level 2.7 Air Magic


You had 3 spell levels left.
You knew the following spells:

 Your Spells              Type           Power      Damage    Failure   Level
a - Shock                 Conj/Air       28%        1d4       10%         1

Your spell library contained the following spells:

 Spells                   Type           Power      Damage    Failure   Level
 Static Discharge         Conj/Air       14%        3-4/arc   16%         2
 Swiftness                Air            9%         N/A       22%         3
 Airstrike                Air            4%         2d(1-17)  56%         4


Dungeon Overview and Level Annotations

Branches:
Dungeon (1/15) Zot: 5824

Altars:


Message History

A kobold is nearby!
A kobold comes into view. It is wielding a +0 club.
The kobold shouts! x2
The kobold moves out of view.
The zap hits the kobold.
The kobold is heavily wounded.
The zap hits the kobold.
The kobold is severely wounded.
You now have 2/3 mp.
The zap hits the kobold but does no damage.
The kobold is heavily wounded.
The zap misses the kobold.
The kobold hits you with a +0 whip.
You take 2 damage, and have 11/13 hp.
You now have 1/3 mp.
You miscast Shock.
You are very lightly contaminated with residual magic.
Nothing appears to happen.
The kobold hits you with a +0 whip.
You take 2 damage, and have 9/13 hp.
You now have 0/3 mp.
You hit the kobold.
You kill the kobold!
The kobold hits you with a +0 whip.
You take 3 damage, and have 6/13 hp.
MASSIVE DAMAGE!!
Unknown command.
You hit the kobold but do no damage.
The kobold is heavily wounded.
The kobold hits you with a +0 whip.
* * * LOW HITPOINT WARNING * * *
You take 4 damage, and have 3/13 hp.
MASSIVE DAMAGE!!
Unknown command.
Magic courses through your body. The kobold closely misses you.
Your magical contamination has completely faded away.
MP restored: 3
Casting: Shock (safe; 10% risk of failure)
Confirm with . or Enter, or press ? or * to list all spells.
Aiming: Shock (safe; 10% risk of failure)
Press: ? - help, Shift-Dir - straight line, f/p - kobold
Aim: a kobold, wielding a +0 whip (heavily wounded, 60% to hit)
The zap hits the kobold.
You kill the kobold!
The zap hits you.
You die...

... .. #. ## ##.#
.....#...# #####
.....#.#.## ##@).##
..........###.###.##
.....#........# #..#
....#....##..# #).#
#........##.#...#.#
#..##.##.##.##.##.#
#
....##..#.##.##.##.#
#.###.###.#.##.##
##.#
......#.....##.. ..#


There were no monsters in sight!

Vanquished Creatures
  2 ball pythons (D:1)
  A giant cockroach (D:1)
  2 kobolds (D:1)
5 creatures vanquished.

Notes
Turn   | Place    | Note
-------+----------+-------------------------------------------
     0 | D:1      | Rudyous the Demonspawn Air Elementalist began the quest for
                  | the Orb.
     0 | D:1      | Reached XP level 1. HP: 13/13 MP: 3/3
   176 | D:1      | Killed themself with a bounced zap

Illustrated notes

Levels and vault maps discovered:
D:1:      dreamdust_arrival_beginning_and_end, layout_loops_cross,
          shapermc_ecumenical_altar_gd, dk_noncrumbling_2

Action                     || total
---------------------------++-------
  Melee: Unarmed           ||     9
   Cast: Shock             ||     8
    Use: Potion            ||     1
 Armour: Robe              ||    10
  Dodge: Dodged            ||    17

Table legend: (Time is in decaauts)
 A = Elapsed time spent in this place.
 B = Non-inter-level travel time spent in this place.
 C = Inter-level travel time spent in this place.
 D = Time resting spent in this place.
 E = Time spent auto-exploring this place.
 F = Levels seen in this place.
 G = Mean time per level.
                   A        B        C        D        E       F      G
               +--------+--------+--------+--------+--------+-----+--------+
         Total |    176 |    176 |      0 |      0 |    137 |   1 |  176.0 |
       Dungeon |    176 |    176 |      0 |      0 |    137 |   1 |  176.0 |
               +--------+--------+--------+--------+--------+-----+--------+

Top non-repeatable levels by time:
     D:1: 176 daAuts
